[Event "Turkish Super League 2019"]
[Site "Konya"]
[Date "2019.07.23"]
[Round "7"]
[White "Injac, Teodora"]
[Black "Buksa, Nataliya"]
[Result "0-1"]
[ECO "D37"]
[WhiteElo "2305"]
[BlackElo "2379"]
[Annotator "NA"]
[PlyCount "128"]
[EventDate "2019.07.17"]
[EventType "team-tourn"]
[EventCountry "TUR"]
[SourceTitle "playchess.com"]
[Source "ChessBase"]
[SourceQuality "1"]
[TimeControl "40/5400+30:1800+30"]

1. d4 Nf6 2. c4 e6 3. Nf3 d5 4. Nc3 Nbd7 5. Bf4 dxc4 6. e3 b5 7. Nxb5 Bb4+ 8. Nc3 Nd5 9. a3 Nxc3 10. Qd2 Nd5 11. axb4 Nxf4 12. exf4 Nb6 13. Be2 O-O 14. Ne5 Bb7 15. O-O Qd6 16. Rfc1 Rfd8 17. Nxc4 Nxc4 18. Rxc4 Ba6 19. Rcc1 Bxe2 20. Qxe2 Qxf4 21. Qe3 Qxd4 22. Qxd4 Rxd4 23. Rxc7 g6 24. Rb7 Rad8 25. g3 Rd1+ 26. Rxd1 Rxd1+ 27. Kg2 Rd4 28. Kf3 Rd3+ 29. Kg2 Rb3 30. Rxa7 Rxb4 31. Ra2 Rb3 32. Kf1 g5 33. h3 Kg7 34. Kg2 h5 35. Kh2 f5 36. Kg2 Kf6 37. Kh2 f4 38. g4 h4 39. Kg2 Kg6 40. Ra6 Kf7 41. Ra2 Kf6 42. Kh2 Rd3 43. Kg2 f3+ 44. Kg1 Rd1+ 45. Kh2 e5 46. Ra6+ Kf7 47. b4 e4 48. Ra7+ Ke6 49. Ra6+ Ke5 50. Ra5+ Kd4 51. Ra8 Rb1 52. Rd8+ Kc4 53. Rc8+ Kd3 54. Rd8+ Ke2 55. Re8 Rxb4 56. Kg1 Rb1+ 57. Kh2 Kxf2 58. Rxe4 Kf1 59. Ra4 Rb2+ 60. Kh1 Kf2 61. Kh2 Ke3+ 62. Kg1 Rb1+ 63. Kh2 f2 64. Ra3+ Kd4 0-1

[Event "Turkish Super League 2019"]
[Site "Konya"]
[Date "2019.07.23"]
[Round "7"]
[White "Sevgi, Volkan"]
[Black "Ayan, Bengu Sena"]
[Result "1-0"]
[ECO "C04"]
[WhiteElo "2302"]
[BlackElo "1885"]
[Annotator "NA"]
[PlyCount "73"]
[EventDate "2019.07.17"]
[EventType "team-tourn"]
[EventCountry "TUR"]
[SourceTitle "playchess.com"]
[Source "ChessBase"]
[SourceQuality "1"]
[TimeControl "40/5400+30:1800+30"]

1. e4 e6 2. d4 d5 3. Nd2 Nc6 4. Ngf3 Nf6 5. e5 Nd7 6. Nb3 a5 7. a4 Be7 8. Bb5 Na7 9. Be2 b6 10. h4 h6 11. h5 c5 12. c3 Nc6 13. Rh3 Bb7 14. Rg3 Bf8 15. c4 dxc4 16. Bxc4 Nb4 17. Be3 Qc7 18. Rc1 Rd8 19. Qe2 Rc8 20. dxc5 bxc5 21. Bb5 Qb6 22. Nfd2 Bc6 23. Nc4 Qc7 24. Nbxa5 Bxb5 25. axb5 Ra8 26. Nb3 Nxe5 27. Bxc5 Ned3+ 28. Rxd3 Nxd3+ 29. Qxd3 Bxc5 30. Nxc5 O-O 31. Qd6 Rfc8 32. Qxc7 Rxc7 33. b4 Kf8 34. b6 Re7 35. b7 Rb8 36. Nd6 Rc7 37. Nxe6+ 1-0

[Event "Turkish Super League 2019"]
[Site "Konya"]
[Date "2019.07.23"]
[Round "7"]
[White "Yildiz Kadioglu, Betul Cemre"]
[Black "Maltsevskaya, Aleksandra"]
[Result "1/2-1/2"]
[ECO "D02"]
[WhiteElo "2290"]
[BlackElo "2294"]
[Annotator "NA"]
[PlyCount "82"]
[EventDate "2019.07.17"]
[EventType "team-tourn"]
[EventCountry "TUR"]
[SourceTitle "playchess.com"]
[Source "ChessBase"]
[SourceQuality "1"]
[TimeControl "40/5400+30:1800+30"]

1. Nf3 Nf6 2. d4 d5 3. g3 g6 4. Bg2 Bg7 5. O-O O-O 6. Nbd2 c5 7. dxc5 Nbd7 8. Nb3 e5 9. Bg5 Qc7 10. Ne1 h6 11. Bxf6 Nxf6 12. Qd2 Be6 13. Qa5 b6 14. cxb6 axb6 15. Qb4 Rfc8 16. a4 Bf8 17. Qd2 Ne4 18. Qd3 f5 19. c3 Ra7 20. Nd2 Rca8 21. Qc2 b5 22. Nxe4 dxe4 23. f3 exf3 24. Nxf3 Rxa4 25. Rxa4 Rxa4 26. Nh4 Rxh4 27. gxh4 e4 28. Qd2 Qe5 29. Qd8 Kg7 30. Rd1 f4 31. Kh1 Bc5 32. b4 Bf8 33. Qd4 Qxd4 34. Rxd4 Bc4 35. Rxe4 Bd6 36. e3 f3 37. Bh3 f2 38. Rxc4 bxc4 39. Bf1 Bxb4 40. Kg2 Bxc3 41. Kxf2 Be5 1/2-1/2

[Event "Turkish Super League 2019"]
[Site "Konya"]
[Date "2019.07.23"]
[Round "7"]
[White "Dogan, Nazmi Can"]
[Black "Demircioglu, Emre"]
[Result "1-0"]
[ECO "D02"]
[WhiteElo "2276"]
[BlackElo "2242"]
[Annotator "NA"]
[PlyCount "67"]
[EventDate "2019.07.17"]
[EventType "team-tourn"]
[EventCountry "TUR"]
[SourceTitle "playchess.com"]
[Source "ChessBase"]
[SourceQuality "1"]
[TimeControl "40/5400+30:1800+30"]

1. d4 Nf6 2. Bf4 d5 3. e3 e6 4. Nd2 c5 5. c3 Nc6 6. Ngf3 cxd4 7. cxd4 Bd6 8. Bxd6 Qxd6 9. Bd3 O-O 10. O-O Bd7 11. a3 Rac8 12. Rc1 Rc7 13. Rc3 Rfc8 14. Qb1 Ne7 15. Rxc7 Rxc7 16. Ne5 Ba4 17. Ndf3 h6 18. g4 Ne4 19. b3 Be8 20. Bxe4 dxe4 21. Qxe4 Qxa3 22. g5 Bb5 23. gxh6 gxh6 24. Nxf7 Rc1 25. Nxh6+ Kf8 26. Rxc1 Qxc1+ 27. Kg2 Bf1+ 28. Kg3 Qc7+ 29. Ne5 Nd5 30. Nhf7 Nc3 31. Qh7 Ne2+ 32. Kg4 Nxd4 33. Ng6+ Ke8 34. Qh8+ 1-0

[Event "Turkish Super League 2019"]
[Site "Konya"]
[Date "2019.07.23"]
[Round "7"]
[White "Yaran, Siar"]
[Black "Arat, Ufuk Sezen"]
[Result "0-1"]
[ECO "B06"]
[WhiteElo "2197"]
[BlackElo "2376"]
[Annotator "NA"]
[PlyCount "68"]
[EventDate "2019.07.17"]
[EventType "team-tourn"]
[EventCountry "TUR"]
[SourceTitle "playchess.com"]
[Source "ChessBase"]
[SourceQuality "1"]
[TimeControl "40/5400+30:1800+30"]

1. e4 g6 2. d4 d6 3. Nc3 Bg7 4. f4 c6 5. Be3 b5 6. a3 Nf6 7. Be2 Qa5 8. Bf3 O-O 9. g4 b4 10. axb4 Qxb4 11. Ra3 Ba6 12. Qa1 Qb7 13. h4 Qc8 14. g5 Ng4 15. Bxg4 Qxg4 16. Rxa6 Nxa6 17. Qxa6 Qg3+ 18. Bf2 Qxf4 19. Nge2 Qf3 20. Rg1 Rab8 21. Qa2 Kh8 22. h5 Qxh5 23. Kd2 f6 24. Be3 fxg5 25. Rxg5 Qh4 26. Rg3 Bh6 27. b3 Rf2 28. Qxa7 Rbf8 29. Bxh6 Qxh6+ 30. Kd3 d5 31. exd5 cxd5 32. Re3 e6 33. Qe7 R2f6 34. Rxe6 Rxe6 0-1

[Event "Turkish Super League 2019"]
[Site "Konya"]
[Date "2019.07.23"]
[Round "7"]
[White "Ozkan, Ervin"]
[Black "Keler, Faruk"]
[Result "1/2-1/2"]
[ECO "D02"]
[WhiteElo "2175"]
[BlackElo "2263"]
[Annotator "NA"]
[PlyCount "34"]
[EventDate "2019.07.17"]
[EventType "team-tourn"]
[EventCountry "TUR"]
[SourceTitle "playchess.com"]
[Source "ChessBase"]
[SourceQuality "1"]
[TimeControl "40/5400+30:1800+30"]

1. d4 Nf6 2. Nf3 d5 3. Bf4 c5 4. e3 Nc6 5. c3 Qb6 6. Qb3 c4 7. Qc2 Bf5 8. Qc1 e6 9. Nbd2 h6 10. Be2 Be7 11. b3 cxb3 12. axb3 Rc8 13. Qb2 Nh5 14. Be5 Nf6 15. Bf4 Nh5 16. Be5 Nf6 17. Bf4 Nh5 1/2-1/2

[Event "Turkish Super League 2019"]
[Site "Konya"]
[Date "2019.07.23"]
[Round "7"]
[White "Cansun, Can Alp"]
[Black "Kilic, Efe Mert"]
[Result "0-1"]
[ECO "B04"]
[WhiteElo "2121"]
[BlackElo "2275"]
[Annotator "NA"]
[PlyCount "126"]
[EventDate "2019.07.17"]
[EventType "team-tourn"]
[EventCountry "TUR"]
[SourceTitle "playchess.com"]
[Source "ChessBase"]
[SourceQuality "1"]
[TimeControl "40/5400+30:1800+30"]

1. e4 Nf6 2. e5 Nd5 3. c4 Nb6 4. d4 d6 5. exd6 cxd6 6. Nc3 g6 7. Be3 Bg7 8. h3 O-O 9. Nf3 Nc6 10. Rc1 e5 11. dxe5 dxe5 12. Qxd8 Rxd8 13. c5 Nd7 14. Bc4 h6 15. O-O Nf8 16. Nb5 Be6 17. Nd6 Rd7 18. g4 Bxc4 19. Rxc4 Ne6 20. b4 Ncd4 21. Bxd4 exd4 22. Re1 a5 23. Ne5 Bxe5 24. Rxe5 axb4 25. Rxb4 Nxc5 26. Rxd4 Ne6 27. Rd2 Rad8 28. Red5 Nf4 29. R5d4 Nxh3+ 30. Kg2 Ng5 31. Nb5 Rxd4 32. Rxd4 Rxd4 33. Nxd4 Ne6 34. Nb5 Kf8 35. Kf3 Ke7 36. Ke4 Nc5+ 37. Kd4 Nd7 38. Ke4 Nf6+ 39. Kf4 Ke6 40. Nd4+ Kd5 41. Nb3 Ne4 42. Ke3 Nc3 43. Nc1 Kc4 44. f3 b5 45. Nd3 Nxa2 46. Ne5+ Kc3 47. Nxf7 b4 48. Nd6 b3 49. Ne4+ Kc2 50. Nd2 Nc3 51. Nc4 Nb5 52. f4 Kc3 53. Nd2 b2 54. Ne4+ Kc2 55. Nd2 Nd6 56. Ke2 h5 57. f5 Nxf5 58. gxf5 gxf5 59. Nc4 b1=Q 60. Na3+ Kc1 61. Nxb1 Kxb1 62. Kf3 Kc2 63. Kf4 h4 0-1

[Event "Turkish Super League 2019"]
[Site "Konya"]
[Date "2019.07.23"]
[Round "7"]
[White "Zeydan, Salih"]
[Black "Aydin, Hakan Arda"]
[Result "0-1"]
[ECO "C84"]
[WhiteElo "2101"]
[BlackElo "1956"]
[Annotator "NA"]
[PlyCount "102"]
[EventDate "2019.07.17"]
[EventType "team-tourn"]
[EventCountry "TUR"]
[SourceTitle "playchess.com"]
[Source "ChessBase"]
[SourceQuality "1"]
[TimeControl "40/5400+30:1800+30"]

1. e4 e5 2. Nf3 Nc6 3. Bb5 a6 4. Ba4 Nf6 5. O-O Be7 6. d3 b5 7. Bb3 d6 8. a3 O-O 9. Nc3 Bg4 10. Be3 Nd4 11. Bxd4 exd4 12. Nd5 c5 13. h3 Bd7 14. Nxe7+ Qxe7 15. Re1 Bc6 16. e5 dxe5 17. Nxe5 Qd6 18. Qd2 Rae8 19. Qg5 h6 20. Qf5 Bd5 21. Bxd5 Qxd5 22. Qf4 Nh5 23. Qe4 Qxe4 24. Rxe4 Re7 25. Rae1 Rfe8 26. Nc6 Rxe4 27. Rxe4 Rxe4 28. dxe4 Nf4 29. b4 d3 30. cxd3 Nxd3 31. bxc5 Nxc5 32. f3 Kf8 33. Kf2 Ke8 34. Ke3 Kd7 35. Nd4 Ne6 36. Nb3 Kc6 37. f4 b4 38. axb4 Kb5 39. f5 Nc7 40. Nd4+ Kxb4 41. e5 Kc5 42. Ke4 a5 43. g4 a4 44. h4 a3 45. g5 hxg5 46. hxg5 Kc4 47. f6 g6 48. e6 Nxe6 49. Nxe6 a2 50. Nd8 a1=Q 51. Nxf7 Qd4+ 0-1

[Event "Turkish Super League 2019"]
[Site "Konya"]
[Date "2019.07.23"]
[Round "7"]
[White "Tezcan, Emre"]
[Black "Can, Isik"]
[Result "1-0"]
[ECO "E10"]
[WhiteElo "2082"]
[BlackElo "2374"]
[Annotator "NA"]
[PlyCount "69"]
[EventDate "2019.07.17"]
[EventType "team-tourn"]
[EventCountry "TUR"]
[SourceTitle "playchess.com"]
[Source "ChessBase"]
[SourceQuality "1"]
[TimeControl "40/5400+30:1800+30"]

1. d4 Nf6 2. c4 e6 3. Nf3 c5 4. d5 b5 5. dxe6 fxe6 6. cxb5 d5 7. g3 Be7 8. Bg2 a6 9. bxa6 O-O 10. O-O Nc6 11. b3 e5 12. Bb2 e4 13. Ne5 Nxe5 14. Bxe5 Rxa6 15. Nc3 Bb7 16. Qc2 Qe8 17. Bxf6 Bxf6 18. Rad1 Qa8 19. Rd2 Bg5 20. e3 Bf6 21. Na4 Rc8 22. Nxc5 Be7 23. b4 Bxc5 24. bxc5 Ra5 25. Rc1 Qa7 26. Qb2 Raxc5 27. Rxc5 Rxc5 28. Bxe4 Bc6 29. Rc2 Rxc2 30. Qxc2 Qb7 31. Bxh7+ Kh8 32. Bg6 Bd7 33. Qc5 Be6 34. Qf8+ Bg8 35. Qf5 1-0

[Event "Turkish Super League 2019"]
[Site "Konya"]
[Date "2019.07.23"]
[Round "7"]
[White "Dolgun, Can"]
[Black "Ozen, Bahadir"]
[Result "0-1"]
[ECO "C50"]
[WhiteElo "2064"]
[BlackElo "2366"]
[Annotator "NA"]
[PlyCount "90"]
[EventDate "2019.07.17"]
[EventType "team-tourn"]
[EventCountry "TUR"]
[SourceTitle "playchess.com"]
[Source "ChessBase"]
[SourceQuality "1"]
[TimeControl "40/5400+30:1800+30"]

1. e4 e5 2. Nf3 Nc6 3. Bc4 Bc5 4. Nc3 Nf6 5. d3 h6 6. Be3 Bxe3 7. fxe3 d6 8. Qe2 O-O 9. O-O-O Be6 10. h3 d5 11. exd5 Nxd5 12. Bxd5 Bxd5 13. d4 Bxf3 14. Qxf3 exd4 15. exd4 Nxd4 16. Qxb7 c5 17. Rhe1 Qg5+ 18. Kb1 Rab8 19. Qd5 Rxb2+ 20. Kxb2 Rb8+ 21. Ka3 Nxc2+ 22. Ka4 Qf6 23. Qd6 Qxd6 24. Rxd6 Nxe1 25. Rd7 Nxg2 26. Rxa7 Nf4 27. Rc7 Nxh3 28. Rxc5 g5 29. Nb5 Nf4 30. Nd6 Rd8 31. Nf5 Ne6 32. Rc2 h5 33. Rf2 h4 34. Kb4 Nf4 35. Kc4 Ra8 36. Kb5 Nd5 37. Kc4 Ra5 38. Nh6+ Kg7 39. Nxf7 g4 40. Nd6 g3 41. Re2 Nf4 42. Rb2 g2 43. Rb1 h3 44. Rb7+ Kg6 45. Rb8 h2 0-1

[Event "Turkish Super League 2019"]
[Site "Konya"]
[Date "2019.07.24"]
[Round "8"]
[White "Romanov, Evgeny"]
[Black "Visakh N R"]
[Result "1-0"]
[ECO "A13"]
[WhiteElo "2582"]
[BlackElo "2526"]
[Annotator "ChessBase"]
[PlyCount "53"]
[EventDate "2019.07.17"]
[EventType "team-tourn"]
[EventCountry "TUR"]
[SourceTitle "playchess.com"]
[Source "ChessBase"]
[SourceQuality "1"]
[TimeControl "40/5400+30:1800+30"]

1. c4 e6 2. g3 d5 3. Bg2 Nf6 4. Nf3 dxc4 5. Qa4+ c6 6. Qxc4 b5 7. Qb3 Bb7 8. O-O a6 9. a4 Nbd7 10. d4 Qb6 11. Rd1 Be7 12. Nc3 O-O 13. Bg5 h6 14. Bxf6 Nxf6 15. Ne5 c5 16. d5 exd5 17. Nxd5 Nxd5 18. Nd7 Qe6 19. Nxf8 Rxf8 20. Bxd5 Bxd5 21. Qxd5 Qxe2 22. Re1 Qxb2 23. Ra2 Qf6 24. axb5 axb5 25. Qd7 Bd6 26. Ra6 Qc3 27. Re3 1-0

[Event "Turkish Super League 2019"]
[Site "Konya"]
[Date "2019.07.24"]
[Round "8"]
[White "Mchedlishvili, Mikheil"]
[Black "Can, Emre"]
[Result "1/2-1/2"]
[ECO "A65"]
[WhiteElo "2571"]
[BlackElo "2595"]
[Annotator "ChessBase"]
[PlyCount "34"]
[EventDate "2019.07.17"]
[EventType "team-tourn"]
[EventCountry "TUR"]
[SourceTitle "playchess.com"]
[Source "ChessBase"]
[SourceQuality "1"]
[TimeControl "40/5400+30:1800+30"]

1. d4 Nf6 2. c4 c5 3. d5 e6 4. Nc3 exd5 5. cxd5 d6 6. e4 g6 7. Nge2 Bg7 8. Ng3 O-O 9. Be2 a6 10. a4 Nbd7 11. O-O Re8 12. Bg5 h6 13. Be3 h5 14. Bg5 Qa5 15. f4 Qb4 16. Qc2 Nh7 17. Bh4 c4 1/2-1/2

[Event "Turkish Super League 2019"]
[Site "Konya"]
[Date "2019.07.24"]
[Round "8"]
[White "Atalik, Ekaterina"]
[Black "Injac, Teodora"]
[Result "1-0"]
[ECO "A49"]
[WhiteElo "2459"]
[BlackElo "2305"]
[Annotator "ChessBase"]
[PlyCount "27"]
[EventDate "2019.07.17"]
[EventType "team-tourn"]
[EventCountry "TUR"]
[SourceTitle "playchess.com"]
[Source "ChessBase"]
[SourceQuality "1"]
[TimeControl "40/5400+30:1800+30"]

1. Nf3 Nf6 2. b3 g6 3. Bb2 Bg7 4. g3 O-O 5. Bg2 d6 6. d4 a5 7. O-O a4 8. c4 Nc6 9. d5 Na5 10. Nbd2 c5 11. e4 a3 12. Bc3 b5 13. cxb5 Bd7 14. Re1 1-0

[Event "Turkish Super League 2019"]
[Site "Konya"]
[Date "2019.07.24"]
[Round "8"]
[White "Haznedaroglu, Kivanc"]
[Black "Ertan, Can"]
[Result "0-1"]
[ECO "A23"]
[WhiteElo "2448"]
[BlackElo "2396"]
[Annotator "NA"]
[PlyCount "108"]
[EventDate "2019.07.17"]
[EventType "team-tourn"]
[EventCountry "TUR"]
[SourceTitle "playchess.com"]
[Source "ChessBase"]
[SourceQuality "1"]
[TimeControl "40/5400+30:1800+30"]

1. c4 e5 2. Nc3 Nf6 3. g3 Bc5 4. Bg2 c6 5. d3 d5 6. cxd5 Nxd5 7. Nf3 Nd7 8. O-O N5f6 9. Rb1 Qe7 10. a3 a5 11. Bg5 h6 12. Bd2 O-O 13. Nh4 Rd8 14. Nf5 Qe6 15. Bh3 Kh8 16. b4 Bd4 17. Nxh6 Qxh3 18. Nxf7+ Kg8 19. Qb3 Kf8 20. Ng5 Qh5 21. Ne6+ Ke7 22. Nxg7 Qh3 23. Bg5 Rh8 24. Bh4 Qg4 25. Kh1 Qxg7 26. Ne4 Rxh4 27. gxh4 Nxe4 28. dxe4 Nf6 29. e3 Be6 30. Qc2 Rg8 31. Rg1 Bg4 32. Rg3 Bf3+ 33. Kg1 Bxe4 34. Qc1 Qh7 35. exd4 Rxg3+ 36. hxg3 Bxb1 37. Qc5+ Ke8 38. dxe5 Nd7 39. Qc4 Nxe5 40. Qe6+ Qe7 41. Qg8+ Kd7 42. Qb8 axb4 43. Qxb7+ Ke6 44. Qc8+ Kf7 45. axb4 Qxb4 46. Qc7+ Qe7 47. Qa5 Be4 48. f4 Nf3+ 49. Kf2 Bd5 50. h5 Qb7 51. Qc3 Qb6+ 52. Ke2 Ng1+ 53. Ke1 Qb1+ 54. Kd2 Qa2+ 0-1

[Event "Turkish Super League 2019"]
[Site "Konya"]
[Date "2019.07.24"]
[Round "8"]
[White "Soysal, Serkan"]
[Black "Selbes, Tarik"]
[Result "1-0"]
[ECO "A49"]
[WhiteElo "2431"]
[BlackElo "2342"]
[Annotator "NA"]
[PlyCount "39"]
[EventDate "2019.07.17"]
[EventType "team-tourn"]
[EventCountry "TUR"]
[SourceTitle "playchess.com"]
[Source "ChessBase"]
[SourceQuality "1"]
[TimeControl "40/5400+30:1800+30"]

1. Nf3 Nf6 2. d4 g6 3. g3 Bg7 4. Bg2 O-O 5. O-O d6 6. a4 a5 7. Nc3 d5 8. Re1 Ne4 9. Nxe4 dxe4 10. Ng5 Bxd4 11. Nxe4 Na6 12. c3 Bg7 13. Qb3 Rb8 14. Bg5 Be6 15. Qa3 f6 16. Bf4 g5 17. Be3 h6 18. Red1 Qe8 19. Nc5 Nxc5 20. Qxc5 1-0

[Event "Turkish Super League 2019"]
[Site "Konya"]
[Date "2019.07.24"]
[Round "8"]
[White "Ozen, Deniz"]
[Black "Ozer, Omer Faruk"]
[Result "1/2-1/2"]
[ECO "B06"]
[WhiteElo "2430"]
[BlackElo "2369"]
[Annotator "NA"]
[PlyCount "100"]
[EventDate "2019.07.17"]
[EventType "team-tourn"]
[EventCountry "TUR"]
[SourceTitle "playchess.com"]
[Source "ChessBase"]
[SourceQuality "1"]
[TimeControl "40/5400+30:1800+30"]

1. e4 g6 2. d4 Bg7 3. Nc3 d6 4. Nf3 a6 5. Be2 b5 6. a4 b4 7. Nd5 a5 8. O-O e6 9. Nf4 Ne7 10. c3 Na6 11. Bb5+ c6 12. Be2 O-O 13. Be3 c5 14. Re1 Qc7 15. Rc1 Rd8 16. Bc4 bxc3 17. bxc3 h6 18. Nd3 Bb7 19. Bf4 Qc8 20. h4 Nc6 21. d5 exd5 22. exd5 Ncb8 23. Qd2 Kh7 24. Nb2 Nd7 25. Re7 Nb6 26. Rxf7 Rd7 27. Rxd7 Qxd7 28. Bb5 Qg4 29. Be2 Qf5 30. h5 Nxd5 31. hxg6+ Kh8 32. Bxh6 Qxg6 33. Bxg7+ Qxg7 34. Nc4 Rf8 35. Qg5 Nf4 36. Qxg7+ Kxg7 37. Bf1 Bxf3 38. gxf3 d5 39. Nxa5 c4 40. Nc6 Nc5 41. a5 Kf6 42. Ra1 Rg8+ 43. Kh2 Rh8+ 44. Kg1 Nb3 45. Rd1 Rg8+ 46. Kh2 Nxa5 47. Nxa5 Rh8+ 48. Kg1 Rg8+ 49. Kh2 Rh8+ 50. Kg3 Kf5 1/2-1/2

[Event "Turkish Super League 2019"]
[Site "Konya"]
[Date "2019.07.24"]
[Round "8"]
[White "Yurtseven, Melih"]
[Black "Seyhanoglu, Deniz"]
[Result "1-0"]
[ECO "E06"]
[WhiteElo "2381"]
[BlackElo "2115"]
[Annotator "NA"]
[PlyCount "153"]
[EventDate "2019.07.17"]
[EventType "team-tourn"]
[EventCountry "TUR"]
[SourceTitle "playchess.com"]
[Source "ChessBase"]
[SourceQuality "1"]
[TimeControl "40/5400+30:1800+30"]

1. Nf3 c5 2. c4 e6 3. g3 Nc6 4. Bg2 Nf6 5. O-O Be7 6. d4 d5 7. dxc5 Bxc5 8. Qc2 d4 9. Bf4 O-O 10. Ne5 Nxe5 11. Bxe5 Nd7 12. Bf4 e5 13. Bd2 a5 14. Na3 Bxa3 15. bxa3 Qe7 16. Rab1 Qxa3 17. Rb5 Qd6 18. Bxa5 Re8 19. Rfb1 Nf6 20. Bd2 Qa3 21. R1b2 Qa4 22. Qc1 e4 23. Bg5 Ra6 24. Bxf6 Rxf6 25. Rd5 e3 26. f4 Qa3 27. Rxd4 Rb6 28. Rc2 Qxc1+ 29. Rxc1 Rb2 30. Bf3 Rxa2 31. Kg2 Rb2 32. c5 g6 33. g4 Kg7 34. Kg3 Re7 35. Rc3 Bd7 36. Rdd3 Bc6 37. g5 Rb5 38. Bxc6 bxc6 39. Kf3 h6 40. h4 hxg5 41. hxg5 f6 42. gxf6+ Kxf6 43. Rd6+ Kf5 44. Rd8 Kf6 45. Rc4 Re6 46. Rd1 Rb8 47. Re4 Rxe4 48. Kxe4 Re8+ 49. Kf3 Re6 50. Rd3 g5 51. fxg5+ Kxg5 52. Rxe3 Rh6 53. Ke4 Kf6 54. Rd3 Ke7 55. Kd4 Rh4+ 56. e4 Rh5 57. Ra3 Kd7 58. Ra7+ Kd8 59. Rg7 Kc8 60. Rf7 Kd8 61. Rf5 Rh6 62. Rg5 Kd7 63. Rg7+ Kd8 64. Ke5 Rh5+ 65. Ke6 Rh6+ 66. Kf5 Rh5+ 67. Rg5 Rh6 68. e5 Ke7 69. Rg7+ Kd8 70. Rg6 Rh5+ 71. Ke6 Kc7 72. Rg7+ Kc8 73. Kd6 Rh6+ 74. e6 Rf6 75. Rc7+ Kd8 76. Rxc6 Rf1 77. e7+ 1-0

[Event "Turkish Super League 2019"]
[Site "Konya"]
[Date "2019.07.24"]
[Round "8"]
[White "Gulbas, Cemil"]
[Black "Gholami, Aryan"]
[Result "1/2-1/2"]
[ECO "B42"]
[WhiteElo "2380"]
[BlackElo "2532"]
[Annotator "RC"]
[PlyCount "74"]
[EventDate "2019.07.17"]
[EventType "team-tourn"]
[EventCountry "TUR"]
[SourceTitle "playchess.com"]
[Source "ChessBase"]
[SourceQuality "1"]
[TimeControl "40/5400+30:1800+30"]

1. e4 c5 2. Nf3 e6 3. d4 cxd4 4. Nxd4 a6 5. Bd3 g6 6. Nc3 Bg7 7. Nb3 Ne7 8. h4 h6 9. Qe2 Nbc6 10. Bd2 Qc7 11. f4 b5 12. h5 g5 13. g3 Bb7 14. Rf1 gxf4 15. gxf4 Nd4 16. Nxd4 Bxd4 17. a3 Qb6 18. a4 b4 19. a5 Qc5 20. Nd1 Nc6 21. c3 bxc3 22. bxc3 Bf6 23. Be3 Bxc3+ 24. Nxc3 Qxc3+ 25. Kf2 Nb4 26. Rad1 Qf6 27. Rh1 Bc6 28. Bb1 Rb8 29. Qd2 Rg8 30. Bd4 Qd8 31. Bc5 Ba4 32. Rdg1 Rxg1 33. Rxg1 Qh4+ 34. Ke3 Qh3+ 35. Kf2 Qh4+ 36. Ke3 Qh3+ 37. Kf2 Qh4+ 1/2-1/2

[Event "Turkish Super League 2019"]
[Site "Konya"]
[Date "2019.07.24"]
[Round "8"]
[White "Buksa, Nataliya"]
[Black "Osmak, Iulija"]
[Result "0-1"]
[ECO "C70"]
[WhiteElo "2379"]
[BlackElo "2395"]
[Annotator "NA"]
[PlyCount "112"]
[EventDate "2019.07.17"]
[EventType "team-tourn"]
[EventCountry "TUR"]
[SourceTitle "playchess.com"]
[Source "ChessBase"]
[SourceQuality "1"]
[TimeControl "40/5400+30:1800+30"]

1. e4 e5 2. Nf3 Nc6 3. Bb5 a6 4. Ba4 b5 5. Bb3 Na5 6. d4 exd4 7. Qxd4 Ne7 8. Bg5 d6 9. Qc3 Nxb3 10. axb3 Bb7 11. Nbd2 f6 12. Be3 c5 13. b4 cxb4 14. Qxb4 d5 15. e5 Ng6 16. Qd4 Be7 17. exf6 Bxf6 18. Qb4 Ne7 19. Nd4 Bxd4 20. Qxd4 O-O 21. Qb6 Qd7 22. Nb3 Rf6 23. Nc5 Rxb6 24. Nxd7 Rg6 25. Nc5 d4 26. Nxb7 dxe3 27. fxe3 Rxg2 28. O-O-O Rf8 29. Rd2 Rff2 30. Rxf2 Rxf2 31. Nc5 a5 32. Ne4 Rg2 33. Nd6 b4 34. b3 g5 35. h3 Nd5 36. Nc4 Kg7 37. e4 Nc3 38. e5 Ne2+ 39. Kb1 Rg1+ 40. Rxg1 Nxg1 41. Nxa5 Nxh3 42. Nc6 Nf4 43. c4 bxc3 44. b4 Nd5 45. b5 h5 46. Nd4 h4 47. Kc2 Kg6 48. e6 Kf6 49. Nf3 h3 50. b6 Nxb6 51. Kxc3 g4 52. e7 Kxe7 53. Nd4 h2 54. Nf5+ Kf6 55. Ng3 Ke5 56. Kd3 Kf4 0-1

[Event "Turkish Super League 2019"]
[Site "Konya"]
[Date "2019.07.24"]
[Round "8"]
[White "Arat, Ufuk Sezen"]
[Black "Rozum, Ivan"]
[Result "0-1"]
[ECO "E01"]
[WhiteElo "2376"]
[BlackElo "2583"]
[Annotator "ChessBase"]
[PlyCount "66"]
[EventDate "2019.07.17"]
[EventType "team-tourn"]
[EventCountry "TUR"]
[SourceTitle "playchess.com"]
[Source "ChessBase"]
[SourceQuality "1"]
[TimeControl "40/5400+30:1800+30"]

1. d4 Nf6 2. c4 e6 3. g3 d5 4. Bg2 Bb4+ 5. Bd2 Bd6 6. Nc3 O-O 7. cxd5 exd5 8. Nxd5 Nxd5 9. Bxd5 Be7 10. Be4 Qxd4 11. Qc2 h6 12. Nf3 Qc5 13. Bc3 Nd7 14. Rc1 c6 15. Bh7+ Kh8 16. Bf5 Kg8 17. Nh4 Bf6 18. Bh7+ Kh8 19. Qb1 Qe7 20. Nf5 Bxc3+ 21. Rxc3 Qf6 22. Nh4 Ne5 23. f4 Nd7 24. Bf5 Nb6 25. e4 Re8 26. e5 Nd5 27. Rf3 Nxf4 28. Rxf4 Qxe5+ 29. Kf2 g5 30. Bxc8 Qe2+ 31. Kg1 gxf4 32. Bh3 Rad8 33. Bf1 Rd1 0-1

[Event "Turkish Super League 2019"]
[Site "Konya"]
[Date "2019.07.24"]
[Round "8"]
[White "Tarlabasi, Emirhan"]
[Black "Lobanov, Sergei"]
[Result "1-0"]
[ECO "E52"]
[WhiteElo "2352"]
[BlackElo "2505"]
[Annotator "ChessBase"]
[PlyCount "27"]
[EventDate "2019.07.17"]
[EventType "team-tourn"]
[EventCountry "TUR"]
[SourceTitle "playchess.com"]
[Source "ChessBase"]
[SourceQuality "1"]
[TimeControl "40/5400+30:1800+30"]

1. d4 Nf6 2. c4 e6 3. Nc3 Bb4 4. Nf3 b6 5. e3 Bb7 6. Bd3 O-O 7. O-O d5 8. cxd5 exd5 9. Ne5 Nbd7 10. f4 c5 11. Ne2 c4 12. Bf5 b5 13. Bd2 Be7 14. Qe1 1-0

[Event "Turkish Super League 2019"]
[Site "Konya"]
[Date "2019.07.24"]
[Round "8"]
[White "Savina, Anastasia"]
[Black "Mammadzada, Gunay"]
[Result "0-1"]
[ECO "E52"]
[WhiteElo "2344"]
[BlackElo "2427"]
[Annotator "NA"]
[PlyCount "100"]
[EventDate "2019.07.17"]
[EventType "team-tourn"]
[EventCountry "TUR"]
[SourceTitle "playchess.com"]
[Source "ChessBase"]
[SourceQuality "1"]
[TimeControl "40/5400+30:1800+30"]

1. d4 Nf6 2. c4 e6 3. Nc3 Bb4 4. Nf3 O-O 5. Bd2 d5 6. e3 b6 7. cxd5 exd5 8. Bd3 Bb7 9. Qc2 a6 10. a3 Bd6 11. b4 Re8 12. O-O Nbd7 13. b5 a5 14. Ne2 Ne4 15. Bc1 g5 16. Ng3 Qf6 17. Bb2 h6 18. Nd2 Qe6 19. Rae1 Ndf6 20. Ndxe4 dxe4 21. Bc4 Bd5 22. Bxd5 Nxd5 23. f3 Bxg3 24. hxg3 f5 25. f4 gxf4 26. gxf4 Kf7 27. Qe2 Rg8 28. Rc1 Qg6 29. Rc6 Qg4 30. Qd2 Rg6 31. Rxg6 Qxg6 32. Rf2 Qe6 33. Bc1 Rg8 34. Qd1 Rg4 35. Rc2 Ke7 36. Qe2 Rg8 37. Rc6 Qf7 38. Qc2 Rg6 39. Rxc7+ Nxc7 40. Qxc7+ Kf8 41. Qc8+ Kg7 42. d5 Qxd5 43. Bb2+ Kf7 44. Qc7+ Ke8 45. Qc8+ Ke7 46. a4 Qd7 47. Qh8 Qd6 48. Be5 Qd1+ 49. Kh2 Qg4 50. Bd6+ Kd7 0-1